 Dungeon Crawl Stone Soup version 0.28.0 (webtiles) character file.

Game seed: 1011757127385743952

33 Dirian the Digger (level 3, -3/29 HPs)
             Began as a Hill Orc Wanderer on Feb 15, 2022.
             Slain by a worm (6 damage)
             ... on level 4 of the Dungeon.
             The game lasted 00:02:16 (1960 turns).

Dirian the Digger (Hill Orc Wanderer)               Turns: 1960, Time: 00:02:17

Health: -3/29      AC:  3    Str: 12    XL:     3   Next: 29%
Magic:  4/4        EV: 11    Int: 17    God:
Gold:   15         SH:  0    Dex:  9    Spells: 4/4 levels left

rFire   . . .      SeeInvis .   m - +1 spear (vorpal)
rCold   . . .      Faith    .   (no shield)
rNeg    . . .      Spirit   .   d - +0 robe
rPois   .          Reflect  .   f - +0 helmet
rElec   .          Harm     .   (no cloak)
rCorr   .          Rampage  .   (no gloves)
Will    .....                   (no boots)
Stlth   +.........              (no amulet)
HPRegen 0.09/turn               (no ring)
MPRegen 0.09/turn               (no ring)

@: no status effects
A: no striking features
a: no special abilities


You were on level 4 of the Dungeon.
You visited 1 branch of the dungeon, and saw 3 of its levels.

You collected 15 gold pieces.

Inventory:

Hand Weapons
 a - a +0 dagger
 i - a +0 short sword
 m - a +1 vorpal spear (weapon)
Missiles
 b - 7 boomerangs (quivered)
 c - 59 stones
Armour
 d - a +0 robe (worn)
 f - a +0 helmet (worn)
Scrolls
 e - a scroll of teleportation {unknown}
 h - a scroll of enchant armour {unknown}
 k - a scroll of torment {unknown}
 l - a scroll of identify {unknown}
Potions
 g - a potion of berserk rage {unknown}
 j - a potion of magic {unknown}


   Skills:
 * Level 2.0 Fighting
 + Level 2.2 Axes
 - Level 1.7 Throwing
 + Level 1.1 Armour
 - Level 1.0 Stealth
 + Level 1.2 Shields
 - Level 1.0 Spellcasting
 - Level 2.0 Summonings
 - Level 3.0 Earth Magic


You had 4 spell levels left.
You didn't know any spells.
Your spell library contained the following spells:

 Spells                   Type           Power      Damage    Failure   Level
 Sandblast                Erth           22%        2d7       6%          1
 Summon Small Mammal      Summ           28%        N/A       10%         1
 Passwall                 Tmut/Erth      4%         N/A       17%         2
 Ensorcelled Hibernation  Hex/Ice        0%         N/A       32%         2
 Summon Guardian Golem    Hex/Summ       4%         N/A       38%         3
 Swiftness                Air            0%         N/A       54%         3
 Petrify                  Tmut/Erth      5%         N/A       75%         4


Dungeon Overview and Level Annotations

Branches:
Dungeon (2/15)

Altars:


Message History

You are too injured to fight recklessly!
You are too injured to fight recklessly!
You are too injured to fight recklessly!
You are too injured to fight recklessly!
You are too injured to fight recklessly!
You are too injured to fight recklessly!
You are too injured to fight recklessly!
You are too injured to fight recklessly!
You are too injured to fight recklessly!
You are too injured to fight recklessly!
You are too injured to fight recklessly!
You are too injured to fight recklessly!
A sourceless malevolence fills the Dungeon...
You fall into a shaft and drop 2 floors!
The shaft crumbles and collapses.
A worm comes into view.
You hit the worm.
The worm is lightly wounded.
The worm bites you!
You are too injured to fight recklessly!
You are too injured to fight recklessly!
You are too injured to fight recklessly!
You hit the worm but do no damage.
The worm is lightly wounded.
You barely miss the worm.
The worm is lightly wounded.
The worm bites you.
* * * LOW HITPOINT WARNING * * *
You hit the worm but do no damage.
The worm is lightly wounded.
The worm misses you.
You barely miss the worm. You hit the worm.
The worm is lightly wounded.
The worm bites you.
* * * LOW HITPOINT WARNING * * *
You hit the worm.
The worm is moderately wounded.
The worm bites you.
You die...

### ..#
##.##
###...###
.......
#..w# #
#@#
#####.##.#
.........#
#####.####
.. ##


You could see a worm.

Vanquished Creatures
  5 ball pythons (D:1)
  2 endoplasms (D:1)
  A giant cockroach (D:1)
  4 goblins (D:1)
  2 hobgoblins (D:1)
  3 jackals (D:1)
  4 kobolds (D:1)
  4 bats
  A frilled lizard (D:1)
  2 rats (D:1)
28 creatures vanquished.

Vanquished Creatures (others)
  2 plants (D:2)
2 creatures vanquished.

Grand Total: 30 creatures vanquished

Notes
Turn   | Place    | Note
-------+----------+-------------------------------------------
     0 | D:1      | Dirian the Hill Orc Wanderer began the quest for the Orb.
     0 | D:1      | Dirian set off with the following items: a +0 dagger, 7
                  | boomerangs, 31 stones, a +0 robe; and the following spells
                  | available to memorise: Sandblast, Summon Small Mammal,
                  | Passwall, Summon Guardian Golem, Petrify
     0 | D:1      | Reached XP level 1. HP: 16/16 MP: 2/2
   469 | D:1      | Reached skill level 1 in Axes
   475 | D:1      | Reached XP level 2. HP: 5/23 MP: 3/3
  1154 | D:1      | Reached skill level 1 in Shields
  1169 | D:1      | Reached skill level 1 in Armour
  1313 | D:1      | Reached XP level 3. HP: 29/29 MP: 4/4
  1949 | D:2      | You fall into a shaft and drop 2 floors!
  1960 | D:4      | Slain by a worm

Illustrated notes

Levels and vault maps discovered:
D:1:      amcnicky_arrival_abandoned_market, layout_basic, minmay_tromino_v4_a
D:2:      layout_loops_cross, basic_altar,
          shapermc_ecumenical_altar_mp_ritualfount, serial_glass,
          glass_columns_a, glass_columns_c, uniq_sigmund,
          uniq_crazy_yiuf_cottage
D:4:      layout_loops_ring, serial_shops, shop, roderic_lattice_a,
          uniq_eustachio

Skill      XL: |  1  2  3 |
---------------+----------+-----
Axes           | 1 2 |  2.2
Shields        | 1 |  1.2
Armour         | 1 |  1.1
Fighting       | 2 |  2.0
Throwing       | |  1.7
Stealth        | |  1.0
Spellcasting   | |  1.0
Summonings     | |  2.0
Earth Magic    | |  3.0

Action                   || total
-------------------------++-------
Melee: Dagger            ||    49
       Short sword       ||    86
       Spear             ||    13
       Punch             ||     1
 Stab: Sleeping          ||     1
Armor: Robe              ||    48
Dodge: Dodged            ||   130
